 Dungeon Crawl Stone Soup version 0.31-a0-214-gb37851dbb3 (webtiles) character file.

Game seed: 2383252135368008467

212 qw the Chopper (level 5, 0/33 HPs)
             Began as a Gargoyle Fighter on July 1, 2023.
             Killed from afar by Dowan (4 damage)
             ... with a puff of flame
             ... on level 4 of the Dungeon.
             The game lasted 00:01:35 (3666 turns).

qw the Chopper (Gargoyle Fighter)                   Turns: 3666, Time: 00:01:36

Health: 0/33       AC: 13    Str: 21    XL:     5   Next: 89%
Magic:  5/5        EV: 12    Int:  9    God:
Gold:   132        SH:  4    Dex:  9    Spells: 4/4 levels left

rFire   . . .        Y - +0 war axe
rCold   + . .        c - +0 buckler
rNeg    + . .        a - +0 chain mail
rPois   inf          (no helmet)
rElec   +            (no cloak)
rCorr   .            (no gloves)
SInv    .            (no boots)
Will    .....        (no amulet) Stlth
                     h - +5 ring of evasion
HPRegen 0.25/turn    e - ring of protection from cold
MPRegen 0.09/turn

%: no passive effects
@: no status effects
A: sickness immunity, AC +4, negative energy resistance 1, electricity
resistance, torment resistance 1, petrification resistance
a: no special abilities


You were on level 4 of the Dungeon.
You visited 1 branch of the dungeon, and saw 4 of its levels.

You collected 132 gold pieces.


Innate Abilities, Weirdness & Mutations

You are immune to sickness and miasma.
Your stone body is resilient. (AC +4)
You are immune to poison.
You resist negative energy. (rN+)
You are resistant to electric shocks. (rElec)
You are resistant to unholy torment.
You are immune to petrification.


   Skills:
 + Level 3.8 Fighting
 - Level 5.1 Axes
 - Level 3.2 Armour
 - Level 3.2 Shields


You had 4 spell levels left.
You didn't know any spells.
Your spell library was empty.

Inventory:

Hand Weapons
 i - a +0 mace
 Y - a +0 war axe (weapon)
Armour
 a - a +0 chain mail (worn)
 c - a +0 buckler (worn)
 n - a +1 pair of gloves
Jewellery
 e - a ring of protection from cold (right hand)
 h - a +5 ring of evasion (left hand)
 p - a ring of wizardry
Scrolls
 b - a scroll of identify
Potions
 d - a potion of might
 f - a potion of heal wounds {unknown}
 g - a potion of brilliance {unknown}
 j - a potion of haste
 k - 2 potions of enlightenment
 l - a potion of cancellation {unknown}
 m - a potion of attraction {unknown}
 o - 2 potions of curing

Dungeon Overview and Level Annotations

Branches:
Dungeon (4/15)
 Temple: D:4-7

Altars:
Qazlal
Ru

Annotations:
D:4 Dowan, Duvessa


Message History

Dowan casts a spell at you. The puff of flame hits you!
Duvessa closely misses you.
You barely miss Duvessa.
Duvessa is lightly wounded.
Duvessa misses you.
Dowan zaps a wand.
The puff of flame hits you but does no damage.
You slash Duvessa!
Duvessa is moderately wounded.
Duvessa closely misses you.
You hit Duvessa.
Duvessa is heavily wounded.
Duvessa hits you with a +0 short sword.
Dowan zaps a wand.
The puff of flame hits you. Duvessa hits you with a +0 short sword.
You closely miss Duvessa.
Duvessa is heavily wounded.
You hit Dowan. Duvessa hits you with a +0 short sword.
Dowan casts a spell at you. The puff of flame hits you.
You hit Duvessa.
Duvessa is severely wounded.
You hit Dowan but do no damage. Duvessa hits you but does no damage.
Dowan casts a spell at you. The puff of flame hits you.
You closely miss Duvessa.
Duvessa is severely wounded.
You hit Dowan. Duvessa barely misses you. Dowan hits you but does no damage.
You hit Duvessa.
Duvessa is severely wounded.
You barely miss Dowan. Duvessa closely misses you.
Dowan casts a spell.
Dowan blinks!
You block Duvessa's attack.
You hit Duvessa but do no damage.
Duvessa is severely wounded.
Duvessa hits you but does no damage.
Dowan zaps a wand.
The puff of flame hits you.
You die...

#.......+..#####.####.###....##.
#.......####..................#.
#.......# #.###.......##...####
#.......# #.############...# #
#.......# #..........(.....# #
######### #############.#### #
#.# # ############ #.# #
#....e@ยค.e.# #.# # #.##'#####.#
#.# # #.#.. #.####.# # # #?#.e
#...##.# # #.#.#.e #.#.##.#
#.#.#.. #...##.# ...#}8 #......#
#.########.########......#
#........#...............#


You could see Duvessa and Dowan.

Vanquished Creatures
  Jessica (D:3)
  Natasha (D:3)
  7 adders
  A gnoll (D:1)
  An ufetubus (D:4)
  3 worms
  4 dart slugs
  3 ball pythons
  7 endoplasms
  2 giant cockroaches
  A goblin (D:4)
  9 hobgoblins
  6 quokkas
  9 bats
  3 frilled lizards
  7 kobolds
  3 rats
68 creatures vanquished.

Notes
Turn   | Place    | Note
-------+----------+-------------------------------------------
     0 | D:1      | qw the Gargoyle Fighter began the quest for the Orb.
     0 | D:1      | Reached XP level 1. HP: 14/14 MP: 1/1
     0 | D:1      | 0 ||| qw: Version: 0.3-a-32-g5962c71
     0 | D:1      | 0 ||| qw: Game counter: 7339
     0 | D:1      | 0 ||| qw: Melee chars always use a shield: true
     0 | D:1      | 0 ||| qw: God list: Okawaru
     0 | D:1      | 0 ||| qw: Allow faded altars: false
     0 | D:1      | 0 ||| qw: Do Orc after clearing Dungeon:15 true
     0 | D:1      | 0 ||| qw: Do second Lair branch before Depths: true
     0 | D:1      | 0 ||| qw: Lair rune preference: random
     0 | D:1      | 0 ||| qw: Goals: Normal, Zot:1-4, Slime:5, God:TSO, Crypt,
                  | Tomb, Abyss, Pan, Hells, Win
     0 | D:1      | 0 ||| PLANNING D:1-11
    65 | D:1      | Reached skill level 2 in Axes
    65 | D:1      | Reached XP level 2. HP: 19/19 MP: 2/2
   309 | D:1      | 309 ||| DROPPING +0 club.
   335 | D:1      | Reached skill level 3 in Axes
   361 | D:1      | Reached XP level 3. HP: 23/23 MP: 3/3
   647 | D:1      | Found a faded altar of an unknown god.
   773 | D:1      | 773 ||| UPGRADING to +5 ring of evasion.
   774 | D:1      | 774 ||| READING scroll labelled RIRU EBIEBUTO.
   775 | D:1      | 775 ||| READING scroll labelled PAZXUE FAKOI.
   776 | D:1      | 776 ||| READING scroll labelled VESHIFOMN CAWN.
   779 | D:1      | 779 ||| READING scroll labelled JEUNNE KU GUEQ.
   825 | D:2      | Found a sacrificial altar of Ru.
   914 | D:2      | 914 ||| Stepping ~*~*~tactically~*~*~ (hiding).
   916 | D:2      | 916 ||| Stepping ~*~*~tactically~*~*~ (hiding).
  1208 | D:2      | Reached XP level 4. HP: 28/28 MP: 4/4
  1233 | D:2      | 1233 ||| Stepping ~*~*~tactically~*~*~ (hiding).
  2006 | D:2      | 2006 ||| UPGRADING to +0 chain mail.
  2016 | D:2      | 2016 ||| DROPPING +0 scale mail.
  2017 | D:2      | 2017 ||| UPGRADING to ring of protection from cold.
  2018 | D:2      | 2018 ||| DRINKING 2 glowing black potions.
  2019 | D:2      | 2019 ||| DRINKING 2 orange potions.
  2051 | D:3      | Found a faded altar of an unknown god.
  2055 | D:3      | Found a stormy altar of Qazlal.
  2123 | D:3      | Reached skill level 4 in Axes
  2455 | D:3      | Noticed Jessica
  2456 | D:3      | 2456 ||| Stepping ~*~*~tactically~*~*~ (hiding).
  2468 | D:3      | 2468 ||| Stepping ~*~*~tactically~*~*~ (hiding).
  2475 | D:3      | Killed Jessica
  2476 | D:3      | Reached XP level 5. HP: 32/32 MP: 5/5
  3010 | D:3      | Noticed Natasha
  3020 | D:3      | Killed Natasha
  3021 | D:3      | Reached skill level 5 in Axes
  3058 | D:3      | 3058 ||| READING scroll labelled GUJIKUMIDO.
  3243 | D:4      | 3243 ||| FLEEEEING.
  3253 | D:4      | 3253 ||| FLEEEEING.
  3254 | D:4      | 3254 ||| FLEEEEING.
  3264 | D:4      | 3264 ||| DRINKING 3 dark potions.
  3294 | D:4      | 3294 ||| STAIRDANCE
  3362 | D:4      | 3362 ||| Stepping ~*~*~tactically~*~*~ (stealth).
  3363 | D:4      | 3363 ||| Stepping ~*~*~tactically~*~*~ (stealth).
  3373 | D:4      | 3373 ||| Stepping ~*~*~tactically~*~*~ (stealth).
  3651 | D:4      | Noticed Duvessa
  3651 | D:4      | Noticed Dowan
  3652 | D:4      | 3652 ||| Stepping ~*~*~tactically~*~*~ (hiding).
  3662 | D:4      | HP: 7/33 [Dowan/puff of flame (2)]
  3663 | D:4      | HP: 3/33 [Dowan/puff of flame (5)]
  3666 | D:4      | Killed from afar by Dowan

Levels and vault maps discovered:
D:1:      dpeg_arrival_rooms_a, layout_loops_ring,
          hellmonk_ecumenical_altar_arch_garden
D:2:      layout_basic, basic_altar, nicolae_concentric_dashed_squares_wild
D:3:      layout_basic, nicolae_overflow_ecumenical_swirl,
          kennysheep_generic_room_10, uniq_natasha, uniq_jessica
D:4:      dreamdust_elfheim, layout_basic, serial_bayou_pond_d, uniq_eustachio

Skill      XL: |  1  2  3  4  5 |
---------------+----------------+-----
Axes           | 2 3 4 5 |  5.1
Fighting       | |  3.8
Armour         | |  3.2
Shields        | |  3.2

Action                     |  1- 3 |  4- 6 || total
---------------------------+-------+-------++-------
  Melee: War axe           |   106 |   141 ||   247
    Use: Scroll            |     4 |     1 ||     5
         Potion            |       |     3 ||     3
 Armour: Scale mail        |    53 |       ||    53
         Chain mail        |       |    49 ||    49
  Dodge: Dodged            |    49 |    89 ||   138
  Block: Buckler           |    24 |    22 ||    46

Table legend:
 A = Non-vault XP
 B = Vault XP
 C = Vault XP percentage of total XP
 D = Non-vault monster count
 E = Vault monster count
 F = Vault count percentage of total count
                 A         B        C        D         E       F
            +---------+---------+-------+---------+---------+-------
      Total |     217 |      86 |  28.4 |      64 |       4 |   5.9
            +---------+---------+-------+---------+---------+-------
        D:1 |      46 |       0 |   0.0 |      20 |       0 |   0.0
        D:2 |      52 |       0 |   0.0 |      18 |       0 |   0.0
        D:3 |      74 |      86 |  53.8 |      18 |       4 |  18.2
        D:4 |      45 |       0 |   0.0 |       8 |       0 |   0.0
            +---------+---------+-------+---------+---------+-------
